 Dungeon Crawl Stone Soup version 0.27.1-35-g4d5d836560 (webtiles) character file.

Game seed: 8427485844923509320

1 gzilladon the Shield-Bearer (level 1, 23/23 HPs)
             Began as a Gnoll Fighter on Oct 11, 2022.
             Was a Follower of Cheibriados.
             Quit the game on level 1 of the Dungeon.
             The game lasted 00:01:06 (103 turns).

gzilladon the Shield-Bearer (Gnoll Fighter)          Turns: 103, Time: 00:01:07

Health: 23/23      AC:  7    Str: 17    XL:     1   Next: 20%
Magic:  1/1        EV:  7    Int:  9    God:    Cheibriados [*.....]
Gold:   5          SH: 10    Dex: 13    Spells: 0/0 levels left

rFire    . . .     SeeInvis .   a - +0 war axe
rCold    . . .     Faith    .   c - +0 kite shield
rNeg     . . .     Spirit   .   b - +0 scale mail
rPois    .         Reflect  .   (no helmet)
rElec    .         Harm     .   (no cloak)
rCorr    .         Rampage  .   (no gloves)
Will     .....                  (no boots)
Stlth    ..........             (no amulet)
HPRegen  0.07/turn              (no ring)
MPRegen  0.07/turn              (no ring)

@: very slow
A: fangs 1, strong nose, distributed training
a: Renounce Religion, Bend Time


You were on level 1 of the Dungeon.
You worshipped Cheibriados.
Cheibriados was aware of your devotion.
You visited 1 branch of the dungeon, and saw 1 of its levels.

You collected 5 gold pieces.

Inventory:

Hand Weapons
 a - a +0 war axe (weapon)
Armour
 b - a +0 scale mail (worn)
 c - a +0 kite shield (worn)
Potions
 d - a potion of might


   Skills:
 + Level 6.4 Fighting
 + Level 0.0 Short Blades
 + Level 0.0 Long Blades
 + Level 4.4 Axes
 + Level 0.0 Maces & Flails
 + Level 0.0 Polearms
 + Level 0.0 Staves
 + Level 0.0 Slings
 + Level 0.0 Bows
 + Level 0.0 Crossbows
 + Level 0.0 Throwing
 + Level 6.4 Armour
 + Level 0.0 Dodging
 + Level 0.0 Stealth
 + Level 6.4 Shields
 + Level 0.0 Unarmed Combat
 + Level 0.0 Spellcasting
 + Level 0.0 Conjurations
 + Level 0.0 Hexes
 + Level 0.0 Summonings
 + Level 0.0 Necromancy
 + Level 0.0 Translocations
 + Level 0.0 Transmutations
 + Level 0.0 Fire Magic
 + Level 0.0 Ice Magic
 + Level 0.0 Air Magic
 + Level 0.0 Earth Magic
 + Level 0.0 Poison Magic
 + Level 0.0 Invocations
 + Level 0.0 Evocations


You couldn't memorise any spells.
You didn't know any spells.
Your spell library was empty.

Dungeon Overview and Level Annotations

Branches:
Dungeon (1/15)

Altars:
Cheibriados


Innate Abilities, Weirdness & Mutations

You have very sharp teeth.
Your uncanny sense of smell can sniff out nearby items.
Your experience applies equally to all skills.


Message History

Uppercase [Y]es or [N]o only, please.
You cannot tell which god this altar belongs to.
Convert to them anyway?
Cheibriados accepts your prayer! Cheibriados welcomes you!
Cheibriados begins to support your attributes as your movement slows.
You can now bend time to slow others.
Cheibriados is now slowing the effects of poison on you.
Cheibriados raises the support of your attributes as your movement slows.
Unknown command.
Press < or > to pray at altars.
Unknown command.
Press < or > to pray at altars.
You offer a prayer to Cheibriados.
You offer a prayer to Cheibriados.
You offer a prayer to Cheibriados.
You offer a prayer to Cheibriados.
You offer a prayer to Cheibriados.
You offer a prayer to Cheibriados.
You offer a prayer to Cheibriados.
You offer a prayer to Cheibriados.
You offer a prayer to Cheibriados.
You offer a prayer to Cheibriados.
You offer a prayer to Cheibriados.
You offer a prayer to Cheibriados.
You offer a prayer to Cheibriados.
You offer a prayer to Cheibriados.
You offer a prayer to Cheibriados.
You offer a prayer to Cheibriados.
You offer a prayer to Cheibriados.
You offer a prayer to Cheibriados.
You offer a prayer to Cheibriados.
You offer a prayer to Cheibriados.
You offer a prayer to Cheibriados.
You offer a prayer to Cheibriados.
You offer a prayer to Cheibriados.
You offer a prayer to Cheibriados.
You offer a prayer to Cheibriados.
You offer a prayer to Cheibriados.
You offer a prayer to Cheibriados.
Are you sure you want to abandon this character and quit the game? (Confirm with "yes".)

≈P.........P≈≈#.#.......###
P...........P≈#........>#
.............P#.#.......#
.........###....#.......######
########.. #.####...........[#
# ###.......####.# #⌠........#
.# #.........# ## #.@.#######
#........# #........#
#........# #........#
#........# ..........
##..###...


There were no monsters in sight!

Vanquished Creatures
  A kobold (D:1)
  A rat (D:1)
2 creatures vanquished.

Notes
Turn   | Place    | Note
-------+----------+-------------------------------------------
     0 | D:1      | gzilladon the Gnoll Fighter began the quest for the Orb.
     0 | D:1      | Reached XP level 1. HP: 23/23 MP: 1/1
    77 | D:1      | Found a faded altar of an unknown god.
   102 | D:1      | Became a worshipper of Cheibriados the Contemplative
   102 | D:1      | Reached * piety under Cheibriados
   103 | D:1      | Quit the game

Illustrated notes

Levels and vault maps discovered:
D:1:      eino_arrival_druids_welcome, layout_basic,
          ebering_ecumenical_altar_abandoned

Action                   || total
-------------------------++-------
Melee: War axe           ||     3
Armor: Scale mail        ||     2
Dodge: Dodged            ||     2
Block: Kite shield       ||     1
